 Dungeon Crawl Stone Soup version 0.21-a0-417-g0adc95b (webtiles) character file.

137 slep the Vandal (level 5, -2/40 HPs)
             Began as a Formicid Hunter on Nov 4, 2017.
             Slain by Sigmund
             ... wielding a +0 scythe
              (6 damage)
             ... on level 3 of the Dungeon.
             The game lasted 00:18:24 (2531 turns).

slep the Vandal (Formicid Hunter)                   Turns: 2531, Time: 00:18:24

Health: -2/40      AC:  4    Str: 16    XL:     5   Next: 43%
Magic:  5/5        EV: 12    Int: 11    God:
Gold:   64         SH:  0    Dex: 12    Spells: 4/4 levels left

rFire    . . .     SeeInvis +   r - +0 falchion
rCold    . . .     Gourm    .   (no shield)
rNeg     . . .     Faith    .   c - +0 leather armour
rPois    .         Spirit   .   (helmet unavailable)
rElec    .         Reflect  .   j - +0 cloak
rCorr    .         Harm     .   (no gloves)
MR       .....                  (no boots)
Stlth    +.........             k - amulet of inaccuracy (curse)
HPRegen  0.13/turn              (no ring)
MPRegen  0.09/turn              (no ring)

@: starving
A: permanent stasis, dig shafts and tunnels, four strong arms, antennae 3
a: Dig, Shaft Self


You were on level 3 of the Dungeon.
You were starving.

You visited 1 branch of the dungeon, and saw 3 of its levels.

You collected 64 gold pieces.

Inventory:

Hand Weapons
 a - a +1 hunting sling
 b - a +0 short sword
 r - a +0 falchion (weapon)
Missiles
 d - 28 sling bullets
 e - 89 stones (quivered)
 n - 45 arrows
Armour
 c - a +0 leather armour (worn)
 j - a +0 cloak (worn)
Jewellery
 k - a cursed amulet of inaccuracy (around neck)
Scrolls
 h - a scroll of identify
 p - a scroll of amnesia
Potions
 i - a potion of might
 l - 2 potions of brilliance {unknown}
 m - 2 potions of invisibility {unknown}
Comestibles
 f - a bread ration


   Skills:
 + Level 2.8 Fighting
 + Level 6.1 Slings
 + Level 1.5 Armour
 + Level 2.2 Dodging
 + Level 1.2 Stealth


You had 4 spell levels left.
You didn't know any spells.

Dungeon Overview and Level Annotations

Branches:
Dungeon (3/15)

Altars:

Annotations:
D:3 Sigmund


Innate Abilities, Weirdness & Mutations

You cannot be hasted, slowed, berserked, paralysed or teleported.
You can dig through walls and to a lower floor.
Your four strong arms can wield two-handed weapons with a shield.
You have a pair of large antennae on your head. (SInv)


Message History

You kill the giant cockroach!
The goblin misses you. Sigmund completely misses you.
You miss the goblin. The goblin hits you.
Sigmund hits you from afar with a scythe.
* * * LOW HITPOINT WARNING * * *
You closely miss the goblin.
The goblin hits you but does no damage. x2
You miss the goblin. Sigmund barely misses you. The goblin hits you.
* * * LOW HITPOINT WARNING * * *
You barely miss the goblin. Sigmund closely misses you. The goblin hits you.
* * * LOW HITPOINT WARNING * * *
You miss the goblin. The goblin barely misses you. Sigmund closely misses you.
You closely miss the goblin. The goblin misses you. Sigmund barely misses you.
The goblin barely misses you.
You miss the goblin. The goblin hits you but does no damage.
Sigmund hits you from afar with a scythe.
* * * LOW HITPOINT WARNING * * *
You miss the goblin. The goblin closely misses you.
You riposte.
You closely miss the goblin.
Sigmund hits you from afar with a scythe.
You die...

.. .......... ..#
.......... .......
#.........
.........##.........
#.#.#.#..##.........
...................
#.#...............
.....# #@g@......
#.###.#.###.........
....................
#.###.#.###.?.(...!.
........# #.........
......#.# #####.####
#.#####.# .# #.# .#
#.######


You could see Sigmund and a goblin.

Vanquished Creatures
  4 gnolls (D:2)
  3 adders (D:2)
  2 oozes (D:1)
  A worm (D:2)
  A dart slug (D:1)
  A leopard gecko (D:1)
  8 bats
  3 giant cockroaches
  7 goblins
  8 hobgoblins
  2 jackals (D:2)
  2 quokkas (D:2)
  2 ball pythons
  A frilled lizard (D:2)
  4 kobolds
  9 rats
58 creatures vanquished.

Notes
Turn   | Place    | Note
-------+----------+-------------------------------------------
     0 | D:1      | slep the Formicid Hunter began the quest for the Orb.
     0 | D:1      | Reached XP level 1. HP: 16/16 MP: 1/1
    42 | D:1      | Reached XP level 2. HP: 23/23 MP: 2/2
    56 | D:1      | Reached skill level 5 in Slings
   200 | D:1      | Reached XP level 3. HP: 28/28 MP: 3/3
   816 | D:2      | Reached XP level 4. HP: 27/34 MP: 4/4
   952 | D:2      | Reached skill level 1 in Armour
  1095 | D:2      | Reached XP level 5. HP: 10/39 MP: 5/5
  1227 | D:2      | Reached skill level 6 in Slings
  2502 | D:3      | Noticed Sigmund
  2531 | D:3      | Slain by Sigmund

Vault maps used:
D:1:      erik_arrival_gehennom
D:2:      corexii_hall_statues_x
D:3:      first_bread, hex_medium, uniq_sigmund

Skill      XL: |  1  2  3  4  5 |
---------------+----------------+-----
Slings         | 5 6 |  6.1
Armour         | 1 |  1.5
Dodging        | 2 |  2.2
Fighting       | |  2.8
Stealth        | |  1.2

Action                   |  1- 3 |  4- 6 || total
-------------------------+-------+-------++-------
Melee: Short sword       |     4 |    55 ||    59
       Falchion          |       |   119 ||   119
 Fire: Hunting sling     |    72 |    65 ||   137
  Use: Scroll            |     3 |     3 ||     6
  Eat: Chunk             |       |     3 ||     3
Armor: Leather armour    |    11 |    85 ||    96
Dodge: Dodged            |    14 |   174 ||   188
       Rpst.: Falchion   |       |    32 ||    32

Table legend:
 A = Spawn XP
 B = Non-spawn XP
 C = Spawn XP percentage of total XP
 D = Spawn monster count
 E = Non-spawn monster count
 F = Spawn count percentage of total count
 G = Total turns spent on level
                    A         B        C        D         E        F      G
               +---------+---------+-------+---------+---------+-------+---------
         Total |       0 |     196 |   0.0 |       0 |      58 |   0.0 |  2531
               +---------+---------+-------+---------+---------+-------+---------
           D:1 |       0 |      56 |   0.0 |       0 |      25 |   0.0 |  1151
           D:2 |       0 |     138 |   0.0 |       0 |      32 |   0.0 |  1335
           D:3 |       0 |       2 |   0.0 |       0 |       1 |   0.0 |    45
               +---------+---------+-------+---------+---------+-------+---------
